 Dungeon Crawl Stone Soup version 0.27-a0-869-g165b36e3f0 (webtiles) character file.

Game seed: 18362596369272640992

67 robertstho the Sneak (level 3, -2/33 HPs)
             Began as a Minotaur Delver on Apr 2, 2021.
             Was an Initiate of the Shining One.
             Killed from afar by Blork the orc (7 damage)
             ... with a puff of frost
             ... on level 4 of the Dungeon.
             The game lasted 00:00:41 (183 turns).

robertstho the Sneak (Minotaur Delver)               Turns: 183, Time: 00:00:42

Health: -2/33      AC:  3    Str: 17    XL:     3   Next: 98%
Magic:  2/2        EV: 12    Int:  7    God:    the Shining One [......]
Gold:   10         SH:  0    Dex: 11    Spells: 2/2 levels left

rFire    . . .     SeeInvis .   a - +0 hand axe
rCold    . . .     Faith    .   (no shield)
rNeg     . . .     Spirit   .   b - +0 leather armour
rPois    .         Reflect  .   (helmet restricted)
rElec    .         Harm     .   (no cloak)
rCorr    .         Rampage  .   (no gloves)
Will     .....                  (no boots)
Stlth    +.........             (no amulet)
HPRegen  0.11/turn              (no ring)
MPRegen  0.08/turn              (no ring)

@: glowing
A: horns 2, retaliatory headbutt
a: Renounce Religion


You were on level 4 of the Dungeon.
You worshipped the Shining One.
The Shining One was noncommittal.
You visited 2 branches of the dungeon, and saw 3 of its levels.

You collected 10 gold pieces.

Inventory:

Hand Weapons
 a - a +0 hand axe (weapon)
Armour
 b - a +0 leather armour (worn)
Wands
 g - a wand of digging (3)
Scrolls
 c - a scroll of fog
 d - a scroll of magic mapping
 e - a scroll of fear
 i - a scroll of enchant armour {unknown}
Potions
 f - a potion of haste
 h - a potion of heal wounds {unknown}
 j - a potion of brilliance {unknown}


   Skills:
 * Level 4.1 Fighting
 + Level 2.9 Axes
 * Level 0.4 Armour
 + Level 2.4 Dodging
 - Level 4.9 Stealth
 * Level 0.1 Invocations


You had 2 spell levels left.
You didn't know any spells.
Your spell library was empty.

Dungeon Overview and Level Annotations

Branches:
Dungeon (5/15)             Temple (1/1) D:4

Altars:
Ashenzari
Fedhas
Ru
Sif Muna
Trog
Xom
Yredelemnul
The Shining One

Annotations:
D:4 Blork the orc


Innate Abilities, Weirdness & Mutations

You have a pair of horns on your head.
You reflexively headbutt those who attack you in melee.


Message History

There is a glowing golden altar of the Shining One here.
You kneel at the altar of the Shining One.
The Shining One welcomes you!
(D) Dungeon (T) Temple
Where to? (? - help)
There is a staircase back to the Dungeon here.
You climb upwards.
Level annotation: Blork the orc
There is a staircase to the Ecumenical Temple here.
Blork the orc is nearby!
Blork the orc casts a spell at you. The magic dart hits you!
There is a dry fountain here.
You see here a scroll labelled LAMUF HABBOS.
i - a scroll labelled LAMUF HABBOS A hobgoblin comes into view.
The hobgoblin shouts!
Blork the orc casts a spell.
Blork the orc seems to speed up.
An ogre comes into view. It is wielding a +0 giant club.
The ogre shouts!
Blork the orc points at you and mumbles some strange words.
The puff of frost hits you.
A worm comes into view.
The hobgoblin closely misses you. You furiously retaliate!
You headbutt the hobgoblin!
You kill the hobgoblin!
Blork the orc points at you and mumbles some strange words.
The puff of frost hits you.
You see here a coppery potion.
j - a coppery potion Blork the orc screams, "I'll eat your brain!
And then I'll vomit it back up!"
Found a thick jewelled staff.
Blork the orc hits you with a +0 mace. Blork the orc hits you with a +0 mace.
Blork the orc hits you with a +0 mace.
* * * LOW HITPOINT WARNING * * *
Blork the orc points at you and mumbles some strange words.
The puff of frost hits you!
You die...

##########
.........# ...
.........# ...
.......|.#.... #@#
..# ####+###o##..#
.............#
.............#
..........O..+
#............# #
#............# .. ..
########..†..# ...
...
##....###.....##....


You could see Blork the orc (fast) and an ogre.

Vanquished Creatures
  A bullfrog zombie (D:5)
  A centaur zombie (D:5)
  A giant cockroach (D:4)
  A hobgoblin (D:4)
4 creatures vanquished.

Notes
Turn   | Place    | Note
-------+----------+-------------------------------------------
     0 | D:5      | robertstho the Minotaur Delver began the quest for the Orb.
     0 | D:5      | Reached XP level 1. HP: 19/19 MP: 0/0
    21 | D:5      | Reached XP level 2. HP: 21/27 MP: 1/1
    21 | D:5      | Reached XP level 3. HP: 26/33 MP: 2/2
    45 | D:5      | Noticed an ogre
    58 | D:4      | Found a staircase to the Ecumenical Temple.
    63 | D:4      | Noticed Blork the orc
    67 | Temple   | Entered the Ecumenical Temple
   147 | Temple   | Became a worshipper of the Shining One
   171 | D:4      | Noticed an ogre
   183 | D:4      | Killed from afar by Blork the orc

Illustrated notes

Levels and vault maps discovered:
D:4:      layout_gridville, minmay_temple_entry_junction_2,
          chequers_serial_rivers_small_a, uniq_blork_the_orc, uniq_eustachio
D:5:      layout_cave_pools, serial_column_ruins, column_ruins_hut_ruined,
          column_ruins_hut_ruined, column_ruins_columns_straight,
          column_ruins_open_small_water, column_ruins_grid_1,
          column_ruins_corridor_straight, column_ruins_grid_1,
          column_ruins_open_small, kennysheep_generic_room_16
Temple:   eino_temple_scatter_basement

Skill      XL: |  1 |
---------------+----+-----
Fighting       | 4 |  4.1
Axes           | |  2.9
Armour         | |  0.4
Dodging        | |  2.4
Stealth        | |  4.9
Invocations    | |  0.1

Action                   || total
-------------------------++-------
Melee: Hand axe          ||    11
       Headbutt          ||     2
Armor: Leather armour    ||     8
Dodge: Dodged            ||    13

Table legend: (Time is in decaauts)
 A = Elapsed time spent in this place.
 B = Non-inter-level travel time spent in this place.
 C = Inter-level travel time spent in this place.
 D = Time resting spent in this place.
 E = Time spent auto-exploring this place.
 F = Levels seen in this place.
 G = Mean time per level.
                   A        B        C        D        E       F      G
               +--------+--------+--------+--------+--------+-----+--------+
         Total |    184 |    170 |     14 |      0 |    100 |   3 |   61.3 |
       Dungeon |     91 |     90 |      1 |      0 |     28 |   2 |   45.5 |
        Temple |     93 |     80 |     13 |      0 |     72 |   1 |   93.0 |
               +--------+--------+--------+--------+--------+-----+--------+

Top non-repeatable levels by time:
  Temple: 93 daAuts
     D:5: 59 daAuts
     D:4: 31 daAuts
